 Dungeon Crawl Stone Soup version 0.20.0-8-g6b59dc7 (webtiles) character file.

67 Gargoyl the Skirmisher (level 3, 0/33 HPs)
             Began as a Draconian Abyssal Knight on May 31, 2017.
             Was a Believer of Lugonu.
             Slain by an orc wizard
             ... wielding a cursed +0 dagger
              (2 damage)
             ... on level 3 of the Dungeon on June 1, 2017.
             The game lasted 00:03:11 (1322 turns).

Gargoyl the Skirmisher (Draconian Abyssal Knight)   Turns: 1322, Time: 00:03:12

Health: 0/33       AC:  7    Str: 14    XL:     3   Next: 98%
Magic:  4/4        EV: 12    Int: 17    God:    Lugonu [**....]
Gold:   70         SH:  0    Dex: 11    Spells: 2/2 levels left

rFire    . . .     SeeInvis .   a - +1 hand axe
rCold    . . .     Gourm    .   (no shield)
rNeg     . . .     Faith    .   (armour unavailable)
rPois    .         Spirit   .   (helmet restricted)
rElec    .         Reflect  .   (no cloak)
rCorr    .         Harm     .   l - +1 pair of gloves
MR       .....                  (no boots)
Stlth    +.........             h - amulet of regeneration
Regen    0.6/turn               c - +3 ring of slaying
MPRegen  0.1/turn               (no ring)

@: brilliant
A: unfitting armour, cold-blooded, AC +5
a: Depart the Abyss, Bend Space, Renounce Religion


You were on level 3 of the Dungeon.
You worshipped Lugonu.
Lugonu was pleased with you.
You were not hungry.

You visited 1 branch of the dungeon, and saw 3 of its levels.
You visited the Abyss 1 time.

You collected 70 gold pieces.

Inventory:

Hand Weapons
 a - a +1 hand axe (weapon)
Armour
 l - a +1 pair of gloves (worn)
Jewellery
 c - a +3 ring of slaying (left hand)
 h - an amulet of regeneration (around neck)
Scrolls
 e - a scroll of identify
Potions
 d - a potion of degeneration {unknown}
 f - 3 potions of haste
Comestibles
 b - 2 bread rations
 g - a chunk of flesh
 i - 5 fruits
 j - a meat ration


   Skills:
 + Level 4.0 Fighting
 + Level 2.8 Axes
 + Level 2.5 Dodging
 + Level 0.8 Stealth
 + Level 2.4 Invocations


You had 2 spell levels left.
You didn't know any spells.

Dungeon Overview and Level Annotations

Branches:
Dungeon (3/15)

Altars:
Gozag

Shops:
D:2 *


Innate Abilities, Weirdness & Mutations

Your plain brown scales are hard. (AC +5)
You cannot fit into any form of body armour.
You are cold-blooded and may be slowed by cold attacks.


Message History

The orc hits you with a flail! The orc wizard hits you with a dagger.
You hit the orc priest. You tail-slap the orc priest.
The orc priest is severely wounded.
You slash the orc!
You kill the orc!
Lugonu accepts your kill.
You hit the orc wizard. The orc wizard hits you with a dagger.
The orc priest hits you but does no damage.
You hit the orc priest.
The orc priest is severely wounded.
You closely miss the orc. You hit the orc wizard.
The orc hits you with a war axe.
The orc wizard hits you but does no damage.
The orc priest calls down the wrath of Beogh upon you.
Beogh smites you!
* * * LOW HITPOINT WARNING * * *
It was a potion of brilliance.
You feel clever all of a sudden. The orc wizard hits you with a dagger.
You die...

### #.. ..# #.#
#.# ## #.####.####
#.# #.........####
#.###..##)........
#.# #.#...##o@#
#.# #.....#oo# #.#
## #.......# #.#
#. #.......##.##
#.# #.
######.###.# #.#
#. #.# #.. #.###.
#+# #### #%.)..
.......)###.
####.##.# #.


You could see an orc priest, an orc wizard and an orc.

Vanquished Creatures
  An adder (D:2)
  3 worms
  A leopard gecko (D:2)
  2 orcs (D:3)
  4 bats
  2 giant cockroaches (D:2)
  5 goblins
  10 hobgoblins
  5 jackals
  A quokka (D:2)
  2 frilled lizards
  3 kobolds
  2 rats (D:1)
41 creatures vanquished.

Notes
Turn   | Place    | Note
-------+----------+-------------------------------------------
     0 | Abyss:1  | Gargoyl the Draconian Abyssal Knight began the quest for the Orb.
     0 | Abyss:1  | Reached XP level 1. HP: 19/19 MP: 2/2
     1 | Abyss:1  | Found a burning altar of Makhleb.
    60 | Abyss:1  | Noticed a small abomination
    77 | D:1      | Escaped the Abyss
   198 | D:1      | Reached * piety under Lugonu
   290 | D:1      | Reached XP level 2. HP: 26/26 MP: 3/3
   881 | D:2      | Reached XP level 3. HP: 11/33 MP: 4/4
  1091 | D:2      | Found an opulent altar of Gozag.
  1124 | D:2      | Found Gozag's Platinum Reserve.
  1272 | D:3      | Reached ** piety under Lugonu
  1272 | D:3      | Reached skill level 4 in Fighting
  1321 | D:3      | HP: 1/33 [orc priest/divine providence (9)]
  1322 | D:3      | Slain by an orc wizard

Skill      XL: |  1  2  3 |
---------------+----------+-----
Fighting       | 4 |  4.0
Axes           | |  2.8
Dodging        | |  2.5
Stealth        | |  0.8
Invocations    | |  2.4

Action                   || total
-------------------------++-------
Melee: Hand axe          ||    82
       Tailslap          ||    11
Invok: Depart the Abyss  ||     1
  Use: Scroll            ||     4
       Potion            ||     1
 Stab: Sleeping          ||     1
  Eat: Chunk             ||     1
Armor: Skin              ||    38
Dodge: Dodged            ||    65
